 Dungeon Crawl Stone Soup version 0.31-a0-216-g22e908daa7 (webtiles) character file.

Game seed: 7850706478190855090

40 qw the Chopper (level 3, -1/23 HPs)
             Began as a Gargoyle Fighter on July 1, 2023.
             Slain by Sigmund
             ... wielding a +0 scythe
              (4 damage)
             ... on level 1 of the Dungeon.
             The game lasted 00:00:31 (716 turns).

qw the Chopper (Gargoyle Fighter)                    Turns: 716, Time: 00:00:32

Health: -1/23      AC: 10    Str: 21    XL:     3   Next: 50%
Magic:  3/3        EV:  9    Int:  8    God:
Gold:   67         SH:  4    Dex:  9    Spells: 2/2 levels left

rFire   . . .        Y - +0 war axe
rCold   . . .        c - +0 buckler
rNeg    + . .        b - +0 scale mail
rPois   inf          (no helmet)
rElec   +            (no cloak)
rCorr   .            (no gloves)
SInv    .            (no boots)
Will    +....        (no amulet) Stlth
                     (no ring)
HPRegen 0.23/turn    (no ring)
MPRegen 0.08/turn

%: no passive effects
@: enlightened, flying
A: sickness immunity, AC +3, negative energy resistance 1, electricity
resistance, torment resistance 1, petrification resistance
a: no special abilities


You were on level 1 of the Dungeon.
You visited 1 branch of the dungeon, and saw 2 of its levels.

You collected 67 gold pieces.


Innate Abilities, Weirdness & Mutations

You are immune to sickness and miasma.
Your stone body is resilient. (AC +3)
You are immune to poison.
You resist negative energy. (rN+)
You are resistant to electric shocks. (rElec)
You are resistant to unholy torment.
You are immune to petrification.


   Skills:
 - Level 3.2 Fighting
 + Level 3.4 Axes
 - Level 3.2 Armour
 - Level 3.2 Shields


You had 2 spell levels left.
You didn't know any spells.
Your spell library was empty.

Inventory:

Hand Weapons
 e - a +0 whip
 Y - a +0 war axe (weapon)
Armour
 b - a +0 scale mail (worn)
 c - a +0 buckler (worn)
Jewellery
 f - a ring of ice
 k - an amulet of reflection
Scrolls
 a - a scroll of identify
Potions
 d - a potion of might
 j - a potion of enlightenment

Dungeon Overview and Level Annotations

Branches:
Dungeon (2/15)

Altars:

Annotations:
D:1 Sigmund


Message History

Sigmund gestures at you while chanting.
You are confused.
Sigmund barely misses you. Sigmund hits you with a +0 scythe!
Ouch! That really hurt!
Sigmund hits you but does no damage.
You feel less confused.
707 ||| STAIRDANCE Sigmund hits you with a +0 scythe.
You fly upwards.
There is a stone staircase leading down here.
Enter note:
Enter note:
Enter note: You barely miss Sigmund.
Sigmund is moderately wounded.
Sigmund points at you and mumbles some strange words.
You resist with almost no effort.
You closely miss Sigmund.
Sigmund is moderately wounded.
Sigmund laughs darkly.
Sigmund closely misses you.
You barely miss Sigmund.
Sigmund is moderately wounded.
Sigmund gestures wildly while chanting.
Sigmund flickers and vanishes!
Deactivating autopickup; reactivate with Ctrl-A.
You barely miss something. Something hits you.
You slash something! Something hits you but does no damage.
You barely miss something. Something hits you.
You hit something but do no damage.
You hear some strange, mumbled words.
A magic dart appears from out of thin air!
The magic dart hits you but does no damage.
You closely miss something. Something hits you.
You die...

#........###.###.##
#.....).###.#####.#
#..........###.###.
####..........##...##.
#.............#.....#.
#.###.###...#.........
#.#.....#...##########
#.#.....#.#.#
#....@....#.#
#.#..{..#.#.#
#.#.....#...#
#.###.###.#.#
#.........#.#
##..........#
############


There were no monsters in sight!

Vanquished Creatures
  A gnoll (D:1)
  4 ball pythons (D:1)
  4 bats (D:1)
  4 endoplasms (D:1)
  A giant cockroach (D:1)
  2 goblins (D:1)
  2 hobgoblins (D:1)
  4 kobolds (D:1)
  A quokka (D:1)
  A frilled lizard (D:1)
  2 rats (D:1)
26 creatures vanquished.

Notes
Turn   | Place    | Note
-------+----------+-------------------------------------------
     0 | D:1      | qw the Gargoyle Fighter began the quest for the Orb.
     0 | D:1      | Reached XP level 1. HP: 14/14 MP: 1/1
     0 | D:1      | 0 ||| qw: Version: 0.3-a-35-g05ef00e
     0 | D:1      | 0 ||| qw: Game counter: 7744
     0 | D:1      | 0 ||| qw: Melee chars always use a shield: true
     0 | D:1      | 0 ||| qw: God list: Okawaru
     0 | D:1      | 0 ||| qw: Allow faded altars: false
     0 | D:1      | 0 ||| qw: Do Orc after clearing Dungeon:15 true
     0 | D:1      | 0 ||| qw: Do second Lair branch before Depths: true
     0 | D:1      | 0 ||| qw: Lair rune preference: random
     0 | D:1      | 0 ||| qw: Goals: Normal, Zot:1-4, Slime:5, God:TSO, Crypt,
                  | Tomb, Abyss, Pan, Hells, Win
     0 | D:1      | 0 ||| PLANNING D:1-11
    19 | D:1      | 19 ||| Stepping ~*~*~tactically~*~*~ (hiding).
    57 | D:1      | Reached XP level 2. HP: 19/19 MP: 2/2
   342 | D:1      | Reached skill level 3 in Axes
   342 | D:1      | 342 ||| Stepping ~*~*~tactically~*~*~ (stealth).
   343 | D:1      | 343 ||| FLEEEEING.
   344 | D:1      | 344 ||| FLEEEEING.
   345 | D:1      | 345 ||| FLEEEEING.
   346 | D:1      | 346 ||| FLEEEEING.
   347 | D:1      | 347 ||| FLEEEEING.
   348 | D:1      | 348 ||| FLEEEEING.
   349 | D:1      | 349 ||| FLEEEEING.
   350 | D:1      | 350 ||| FLEEEEING.
   356 | D:1      | Reached XP level 3. HP: 23/23 MP: 3/3
   361 | D:1      | 361 ||| Stepping ~*~*~tactically~*~*~ (stealth).
   675 | D:1      | 675 ||| DROPPING orb of light.
   676 | D:1      | 676 ||| READING 2 scrolls labelled ZAZXUTT TUMN.
   677 | D:1      | 677 ||| READING scroll labelled ATENGI OFAO.
   681 | D:1      | 681 ||| DRINKING 2 murky blue potions.
   696 | D:2      | Noticed Sigmund
   707 | D:2      | 707 ||| STAIRDANCE
   714 | D:1      | HP: 2/23 [something (6)]
   716 | D:1      | Slain by Sigmund

Levels and vault maps discovered:
D:1:      roderic_crossed_star, layout_rooms, chequers_serial_rivers_large_a,
          st_stairs_3
D:2:      layout_loops_ring, dreamdust_ecumenical_altar_hidden_monk_grotto,
          minmay_pentomino_u2, uniq_natasha, uniq_sigmund

Skill      XL: |  1  2 |
---------------+-------+-----
Axes           | 2 3 |  3.4
Fighting       | |  3.2
Armour         | |  3.2
Shields        | |  3.2

Action                     || total
---------------------------++-------
  Melee: War axe           ||    87
    Use: Scroll            ||     2
         Potion            ||     1
 Armour: Scale mail        ||    40
  Dodge: Dodged            ||    39
  Block: Buckler           ||    16

Table legend:
 A = Non-vault XP
 B = Vault XP
 C = Vault XP percentage of total XP
 D = Non-vault monster count
 E = Vault monster count
 F = Vault count percentage of total count
                 A         B        C        D         E       F
            +---------+---------+-------+---------+---------+-------
      Total |      40 |      18 |  31.0 |      23 |       3 |  11.5
            +---------+---------+-------+---------+---------+-------
        D:1 |      40 |      18 |  31.0 |      23 |       3 |  11.5
            +---------+---------+-------+---------+---------+-------
